 Dungeon Crawl Stone Soup version 0.29-a0-643-ga013cefcf8 (webtiles) character file.

Game seed: 5140764662805022133

575 wilfster70 the Cleaver (level 7, -17/62 HPs)
             Began as a Hill Orc Fighter on June 19, 2022.
             Was an Initiate of Beogh.
             Killed from afar by Dowan (26 damage)
             ... with a bolt of dispelling energy
             ... on level 4 of the Dungeon.
             The game lasted 00:09:03 (3852 turns).

wilfster70 the Cleaver (Hill Orc Fighter)           Turns: 3852, Time: 00:09:03

Health: -17/62     AC: 11    Str: 21    XL:     7   Next: 35%
Magic:  7/7        EV:  7    Int:  8    God:    Beogh [......]
Gold:   189        SH:  5    Dex: 10    Spells: 6/6 levels left

rFire   . . .      SeeInvis +   a - +0 war axe
rCold   . . .      Faith    .   c - +1 buckler
rNeg    . . .      Spirit   .   i - +0 chain mail
rPois   .          Reflect  .   x - +0 helmet
rElec   .          Harm     .   y - +0 cloak
rCorr   .          Rampage  .   (no gloves)
Will    .....                   (no boots)
Stlth   ..........              (no amulet)
HPRegen 0.20/turn               m - ring of flight
MPRegen 0.10/turn               o - ring of see invisible

@: flying
A: no striking features
a: Renounce Religion


You were on level 4 of the Dungeon.
You worshipped Beogh.
Beogh was noncommittal.
You visited 1 branch of the dungeon, and saw 4 of its levels.

You collected 189 gold pieces.

Inventory:

Hand Weapons
 a - a +0 war axe (weapon)
 b - the +8 mace "Ypnitif" {flame, rPois Str+7 Int-2}
   (You found it on level 2 of the Dungeon)

   It burns those it strikes, dealing additional fire damage.
   Str:       It affects your strength (+7).
   Int:       It affects your intelligence (-2).
   rPois:     It protects you from poison.
 p - a +0 trident
Missiles
 k - 2 atropa-tipped darts (quivered)
 l - a throwing net
Armour
 c - a +1 buckler (worn)
 i - a +0 chain mail (worn)
 x - a +0 helmet (worn)
 y - a +0 cloak (worn)
Jewellery
 g - a ring of resist corrosion
 m - a ring of flight (left hand)
 o - a ring of see invisible (right hand)
 v - an amulet of faith
Scrolls
 r - a scroll of identify
 s - a scroll of teleportation
Potions
 d - 2 potions of might
 e - a potion of lignification {unknown}
 f - 4 potions of ambrosia
 h - 2 potions of curing
 j - a potion of resistance
 n - a potion of invisibility {unknown}
 q - a potion of heal wounds {unknown}
 t - a potion of cancellation {unknown}
 w - a potion of haste {unknown}


   Skills:
 - Level 5.7 Fighting
 * Level 8.7 Axes
 - Level 3.2 Armour
 - Level 4.0 Shields


You had 6 spell levels left.
You didn't know any spells.
Your spell library contained the following spells:

 Spells                   Type           Power      Damage    Failure   Level
 Freeze                   Ice            0%         1d3       99%         1
 Frozen Ramparts          Ice            0%         1d2       100%        3
 Hailstorm                Conj/Ice       0%         3d3       100%        4


Dungeon Overview and Level Annotations

Branches:
Dungeon (4/15)
 Temple: D:4-7

Altars:
Sif Muna
Wu Jian
Yredelemnul

Annotations:
D:4 Dowan


Message History

Duvessa says, "When magic and the sword combine, nothing stands against them."
Duvessa hits you with a +0 rapier!
You slash Duvessa!
Duvessa is moderately wounded.
Duvessa hits you with a +0 rapier.
You barely miss Duvessa.
Duvessa is moderately wounded.
Duvessa barely misses you.
You hit Duvessa.
Duvessa is moderately wounded.
Duvessa hits you but does no damage. Duvessa hits you with a +0 rapier.
You slash Duvessa!
Duvessa is severely wounded.
Duvessa hits you with a +0 rapier.
You slash Duvessa!
You kill Duvessa!
Beogh accepts your kill.
Dowan screams, "No!
Oh no!"
Dowan seems to find hidden reserves of power!
You slash Dowan!
Dowan is moderately wounded.
Dowan hits you but does no damage. x2
You slash Dowan!
Dowan is severely wounded.
Dowan breathes, "And she was my only..."
Dowan casts a spell at you. The stone arrow hits you! You block Dowan's attack.
You completely miss Dowan.
Dowan is severely wounded.
Dowan hits you with a +0 dagger.
You barely miss Dowan.
Dowan is severely wounded.
Dowan hits you with a +0 dagger.
Dowan zaps a wand.
The bolt of dispelling energy hits you!
* * * LOW HITPOINT WARNING * * *
You closely miss Dowan.
Dowan is severely wounded.
Dowan zaps a wand.
The bolt of dispelling energy hits you!!
You die...

#.#.#### #.......##.....#...#
#.#.########)############...#
#.#.....................#...#
#.##########.######.....#...#
#.##########.# ##.....#...#
#............# #......#...#
############## #......##'##
#.........$.# #......##_##
#.#########@# #......#####
#.# #e# #.####...... #.# #.#
#........... #.# #.#
########...... #.# #..
.............. #.# ###
#######....... #.# #.######
#.# ###.# #.# #...####


You could see Dowan (fast).

Vanquished Creatures
  Duvessa (D:4)
  An ogre (D:4)
  A scorpion (D:4)
  3 hounds (D:4)
  Crazy Yiuf (D:4)
  Natasha (twice) (D:2)
  An orc wizard (D:3)
  4 adders
  7 dart slugs
  11 orcs
  7 endoplasms
  4 giant cockroaches
  6 goblins
  10 hobgoblins
  4 jackals
  4 kobolds
  4 quokkas
  3 ball pythons
  2 bats (D:2)
  4 frilled lizards
  4 rats
84 creatures vanquished.

Vanquished Creatures (others)
  An adder (D:4)
  An endoplasm (D:4)
2 creatures vanquished.

Grand Total: 86 creatures vanquished

Notes
Turn   | Place    | Note
-------+----------+-------------------------------------------
     0 | D:1      | wilfster70 the Hill Orc Fighter began the quest for the
                  | Orb.
     0 | D:1      | Reached XP level 1. HP: 19/19 MP: 1/1
   158 | D:1      | Reached skill level 3 in Axes
   227 | D:1      | Found a faded altar of an unknown god.
   245 | D:1      | Reached XP level 2. HP: 27/27 MP: 2/2
   802 | D:1      | Reached XP level 3. HP: 33/33 MP: 3/3
  1064 | D:2      | Found an ornate altar of the Wu Jian Council.
  1075 | D:2      | Reached skill level 4 in Axes
  1297 | D:2      | Noticed Natasha
  1319 | D:2      | Killed Natasha
  1320 | D:2      | Reached XP level 4. HP: 31/41 MP: 4/4
  1406 | D:2      | Identified the +8 mace "Ypnitif" {flame, rPois Str+7 Int-2}
  1491 | D:2      | Noticed Natasha
  1496 | D:2      | Killed Natasha
  1764 | D:3      | Reached skill level 5 in Axes
  1812 | D:3      | Reached XP level 5. HP: 42/47 MP: 5/5
  2515 | D:3      | Reached skill level 5 in Fighting
  2723 | D:4      | Reached skill level 6 in Axes
  2723 | D:4      | Reached XP level 6. HP: 56/56 MP: 6/6
  2795 | D:4      | Reached skill level 7 in Axes
  3063 | D:4      | Identified the +6 hunting sling "Urig" {freeze, Contam rF++
                  | rN+ Str+2}
  3194 | D:4      | Found a runed translucent door.
  3195 | D:4      | Noticed Crazy Yiuf
  3197 | D:4      | Identified the +5 mace "Sacviv" {vorpal, Drain rElec rPois}
  3203 | D:4      | Killed Crazy Yiuf
  3506 | D:4      | Reached XP level 7. HP: 60/62 MP: 7/7
  3537 | D:4      | Became a worshipper of Beogh the Brigand
  3572 | D:4      | Found a shimmering blue altar of Sif Muna.
  3682 | D:4      | Found a basalt altar of Yredelemnul.
  3806 | D:4      | Reached skill level 8 in Axes
  3840 | D:4      | Noticed Duvessa
  3840 | D:4      | Noticed Dowan
  3847 | D:4      | Killed Duvessa
  3852 | D:4      | Killed from afar by Dowan

Illustrated notes

Levels and vault maps discovered:
D:1:      lightli_arrival_statuegarden, layout_loops_ring,
          shapermc_ecumenical_altar_notcrosses
D:2:      layout_loops_ring, basic_altar, minmay_box_of_dots, uniq_natasha
D:3:      layout_loops_cross
D:4:      layout_basic, lemuel_blue_sif_altar, mainiacjoe_overflow_catwalk,
          uniq_duvessa, uniq_crazy_yiuf_cottage

Skill      XL: |  1  2  3  4  5  6  7 |
---------------+----------------------+-----
Axes           | 3 4 5 6 7 8 |  8.7
Fighting       | 4 5 |  5.7
Shields        | 4 |  4.0
Armour         | |  3.2

Action                   |  1- 3 |  4- 6 |  7- 9 || total
-------------------------+-------+-------+-------++-------
Melee: War axe           |    86 |   145 |    36 ||   267
Throw: Dart              |       |     1 |       ||     1
Invok: Convert to Beogh  |       |       |     1 ||     1
  Use: Scroll            |     4 |     2 |     2 ||     8
       Potion            |       |       |     1 ||     1
Armor: Scale mail        |    14 |       |       ||    14
       Chain mail        |    35 |   101 |    24 ||   160
Dodge: Dodged            |    37 |    64 |    10 ||   111
Block: Buckler           |    18 |    32 |     6 ||    56

Table legend: (Time is in decaauts)
 A = Elapsed time spent in this place.
 B = Non-inter-level travel time spent in this place.
 C = Inter-level travel time spent in this place.
 D = Time resting spent in this place.
 E = Time spent auto-exploring this place.
 F = Levels seen in this place.
 G = Mean time per level.
                   A        B        C        D        E       F      G
               +--------+--------+--------+--------+--------+-----+--------+
         Total |   3930 |   3853 |     77 |    770 |   1915 |   4 |  982.5 |
       Dungeon |   3930 |   3853 |     77 |    770 |   1915 |   4 |  982.5 |
               +--------+--------+--------+--------+--------+-----+--------+

Top non-repeatable levels by time:
     D:3: 1154 daAuts
     D:1: 986 daAuts
     D:4: 974 daAuts
     D:2: 814 daAuts
